 Dungeon Crawl Stone Soup version 0.29.0-4-gdea44cf6ec (webtiles) character file.

Game seed: 4605338389779767156

32 qw the Ruffian (level 3, -3/28 HPs)
             Began as a Ghoul Fire Elementalist on Aug 29, 2022.
             Slain by a hobgoblin (6 damage)
             ... led by Robin
             ... on level 2 of the Dungeon.
             The game lasted 00:01:06 (1184 turns).

qw the Ruffian (Ghoul Fire Elementalist)            Turns: 1184, Time: 00:01:06

Health: -3/28      AC:  6    Str: 13    XL:     3   Next: 25%
Magic:  4/4        EV:  9    Int: 10    God:
Gold:   77         SH:  0    Dex:  9    Spells: 4/5 levels left

rFire   . . .      SeeInvis .     - Unarmed
rCold   + . .      Faith    .   (no shield)
rNeg    + + +      Spirit   .   h - +0 scale mail
rPois   inf        Reflect  .   (no helmet)
rElec   .          Harm     .   (no cloak)
rCorr   .          Rampage  .   (no gloves)
Will    .....                   (no boots)
Stlth   ..........              (no amulet)
HPRegen 0.00/turn               (no ring)
MPRegen 0.09/turn               (no ring)

@: inhibited regen
A: claws 1, cold resistance 1, negative energy resistance 3, inhibited
regeneration, torment resistance 2, devour on kill
a: no special abilities


You were on level 2 of the Dungeon.
You visited 1 branch of the dungeon, and saw 2 of its levels.

You collected 77 gold pieces.


Innate Abilities, Weirdness & Mutations

You are immune to poison.
You have sharp fingernails.
Your flesh is cold resistant. (rC+)
You are immune to negative energy. (rN+++)
You do not regenerate when monsters are visible.
You are immune to unholy pain and torment.
You thrive by killing the living.


   Skills:
 - Level 1.0 Fighting
 - Level 1.7 Dodging
 - Level 2.1 Stealth
 + Level 2.7 Unarmed Combat
 - Level 1.7 Spellcasting
 - Level 0.7 Conjurations
 - Level 2.4 Fire Magic


You had 4 spell levels left.
You knew the following spells:

 Your Spells              Type           Power      Damage    Failure   Level
a - Foxfire               Conj/Fire      16%        2x1d4     63%         1

Your spell library contained the following spells:

 Spells                   Type           Power      Damage    Failure   Level
 Scorch                   Fire           10%        2d6       65%         2
 Conjure Flame            Conj/Fire      4%         6-21      94%         3
 Inner Flame              Hex/Fire       3%         N/A       96%         3
 Flame Wave               Conj/Fire      4%         2d5       100%        4

Inventory:

Armour
 h - a +0 scale mail (worn)
Scrolls
 f - 2 scrolls of identify

Dungeon Overview and Level Annotations

Branches:
Dungeon (2/15)

Altars:
Makhleb

Annotations:
D:2 Robin


Message History

The goblin hits you but does no damage.
You scratch Robin but do no damage.
Robin is lightly wounded.
The goblin closely misses you. The goblin barely misses you.
The hobgoblin hits you but does no damage.
A goblin comes into view. It is wielding a +0 club.
You barely miss Robin.
Robin is lightly wounded.
The goblin completely misses you. The goblin hits you with a +0 dagger.
The hobgoblin hits you but does no damage.
Robin hits you with a +0 short sword of protection.
You scratch Robin but do no damage.
Robin is lightly wounded.
The goblin hits you but does no damage.
The hobgoblin hits you but does no damage.
A hobgoblin comes into view.
The goblin hits you but does no damage. Robin hits you but does no damage.
The hobgoblin shouts!
You scratch Robin but do no damage.
Robin is lightly wounded.
The goblin hits you but does no damage. x2; The hobgoblin barely misses you.
Robin hits you but does no damage.
You scratch Robin but do no damage. You claw Robin, but do no damage.
Robin is lightly wounded.
A hobgoblin comes into view.
The goblin hits you with a +0 club. The hobgoblin hits you.
The goblin hits you with a +0 dagger.
You scratch Robin.
Robin is lightly wounded.
The goblin hits you but does no damage.
A goblin comes into view. It is wielding a +0 club.
The hobgoblin hits you. The goblin hits you but does no damage.
Robin says, "My goblins will feast on your bones."
Robin roars a battlecry!
The goblins go into a battle-frenzy!
You barely miss Robin.
Robin is lightly wounded.
The goblin completely misses you. The goblin barely misses you.
The hobgoblin hits you.
You die...

.......##. #.........# #
#)##...##.. .# #.##.###
### .# .....# # #....
...### #.##.#. ...# ....
..%# ###)####### ...#
#...ggg@g.#####
...#######....ggg#......
........##....[g.#......
.......%%...............
........##.....).#......
...#######....>..#......
...# #.........#####
...# ###.####### ...#
#.#


You could see Robin, 3 hobgoblins and 4 goblins.

Vanquished Creatures
  An endoplasm (D:1)
  A giant cockroach (D:1)
  6 goblins
  4 hobgoblins
  4 jackals (D:2)
  4 quokkas
  3 bats
  A frilled lizard (D:2)
  A kobold (D:1)
  2 rats (D:2)
27 creatures vanquished.

Notes
Turn   | Place    | Note
-------+----------+-------------------------------------------
     0 | D:1      | qw the Ghoul Fire Elementalist began the quest for the Orb.
     0 | D:1      | Reached XP level 1. HP: 14/14 MP: 2/2
     0 | D:1      | 0 ||| qw: Version: 0.1-a-90-g952f4b7
     0 | D:1      | 0 ||| qw: Game counter: 4028
     0 | D:1      | 0 ||| qw: Always use a shield: true
     0 | D:1      | 0 ||| qw: God list: Okawaru
     0 | D:1      | 0 ||| qw: Allow faded altars: false
     0 | D:1      | 0 ||| qw: Do Orc after D:15 true
     0 | D:1      | 0 ||| qw: Do second Lair branch before Depths: true
     0 | D:1      | 0 ||| qw: Lair rune preference: random
     0 | D:1      | 0 ||| qw: Plans: Normal
     0 | D:1      | 0 ||| PLANNING D:1-11
   266 | D:1      | Reached skill level 1 in Unarmed Combat
   300 | D:1      | Reached skill level 1 in Fighting
   300 | D:1      | Reached XP level 2. HP: 23/23 MP: 3/3
   636 | D:1      | 636 ||| UPGRADING to +0 leather armour.
   646 | D:1      | 646 ||| DROPPING +0 robe.
   647 | D:1      | 647 ||| UPGRADING to +0 scale mail.
   657 | D:1      | 657 ||| DROPPING +0 leather armour.
   658 | D:1      | 658 ||| DROPPING ring of flight.
   659 | D:1      | 659 ||| READING 3 scrolls labelled ECKARCHIJON.
   660 | D:1      | 660 ||| READING scroll labelled INOLAF JUMN.
   661 | D:1      | 661 ||| READING scroll labelled GISYMA MINUDGH.
   662 | D:1      | 662 ||| DROPPING potion of magic.
   781 | D:2      | 781 ||| Stepping ~*~*~tactically~*~*~ (stealth).
   924 | D:2      | Found a burning altar of Makhleb.
  1067 | D:2      | 1067 ||| Stepping ~*~*~tactically~*~*~ (stealth).
  1073 | D:2      | 1073 ||| Stepping ~*~*~tactically~*~*~ (outnumbered).
  1074 | D:2      | 1074 ||| Stepping ~*~*~tactically~*~*~ (outnumbered).
  1075 | D:2      | 1075 ||| Stepping ~*~*~tactically~*~*~ (outnumbered).
  1115 | D:2      | 1115 ||| Stepping ~*~*~tactically~*~*~ (stealth).
  1125 | D:2      | Reached XP level 3. HP: 27/28 MP: 4/4
  1148 | D:2      | 1148 ||| Stepping ~*~*~tactically~*~*~ (stealth).
  1157 | D:2      | 1157 ||| Stepping ~*~*~tactically~*~*~ (outnumbered).
  1158 | D:2      | 1158 ||| Stepping ~*~*~tactically~*~*~ (outnumbered).
  1159 | D:2      | 1159 ||| Stepping ~*~*~tactically~*~*~ (outnumbered).
  1160 | D:2      | 1160 ||| Stepping ~*~*~tactically~*~*~ (outnumbered).
  1165 | D:2      | Noticed Robin
  1175 | D:2      | 1175 ||| Stepping ~*~*~tactically~*~*~ (outnumbered).
  1176 | D:2      | 1176 ||| Stepping ~*~*~tactically~*~*~ (outnumbered).
  1182 | D:2      | HP: 7/28 [hobgoblin[Robin] (1)]
  1183 | D:2      | HP: 3/28 [hobgoblin[Robin] (2)]
  1184 | D:2      | Slain by a hobgoblin

Levels and vault maps discovered:
D:1:      mushboom_english_gardens, layout_basic
D:2:      layout_loops_cross, hellmonk_ecumenical_altar_heavens_door,
          basic_altar, uniq_robin

Skill      XL: |  1  2 |
---------------+-------+-----
Unarmed Combat | 1 2 |  2.7
Fighting       | 1 |  1.0
Dodging        | |  1.7
Stealth        | |  2.1
Spellcasting   | |  1.7
Conjurations   | |  0.7
Fire Magic     | |  2.4

Action                   || total
-------------------------++-------
Melee: Unarmed           ||   114
       Punch             ||     4
  Use: Scroll            ||     3
Armor: Robe              ||     2
       Scale mail        ||    45
Dodge: Dodged            ||    61

Table legend:
 A = Non-vault XP
 B = Vault XP
 C = Vault XP percentage of total XP
 D = Non-vault monster count
 E = Vault monster count
 F = Vault count percentage of total count
                 A         B        C        D         E       F
            +---------+---------+-------+---------+---------+-------
      Total |      41 |       5 |  10.9 |      24 |       3 |  11.1
            +---------+---------+-------+---------+---------+-------
        D:1 |      15 |       0 |   0.0 |       9 |       0 |   0.0
        D:2 |      26 |       5 |  16.1 |      15 |       3 |  16.7
            +---------+---------+-------+---------+---------+-------
